 Dungeon Crawl Stone Soup version 0.29.1-15-g9cfb28693d (webtiles) character file.

Game seed: 16118734212404233019

503 Sanktem7 the Trooper (level 6, -3/58 HPs)
             Began as a Minotaur Fighter on Mar 9, 2023.
             Slain by an orc warrior
             ... wielding a +0 war axe
              (14 damage)
             ... on level 4 of the Dungeon.
             The game lasted 00:07:08 (3640 turns).

Sanktem7 the Trooper (Minotaur Fighter)             Turns: 3640, Time: 00:07:09

Health: -3/58      AC: 11    Str: 23    XL:     6   Next: 96%
Magic:  0/5        EV:  7    Int: 11    God:
Gold:   1154       SH:  4    Dex:  9    Spells: 5/5 levels left

rFire   . . .      SeeInvis +   a - +0 war axe {axe}
rCold   . . .      Faith    .   c - +0 buckler
rNeg    . . .      Spirit   +   e - +0 chain mail
rPois   .          Reflect  .   (helmet restricted)
rElec   .          Harm     .   (no cloak)
rCorr   .          Rampage  .   (no gloves)
Will    .....                   k - +0 pair of boots
Stlth   ..........              j - amulet of guardian spirit
HPRegen 0.19/turn               t - +6 ring of intelligence
MPRegen 0.09/turn               z - ring of see invisible

@: no status effects
A: horns 2, retaliatory headbutt
a: no special abilities


You were on level 4 of the Dungeon.
You visited 1 branch of the dungeon, and saw 5 of its levels.

You collected 1154 gold pieces.


Innate Abilities, Weirdness & Mutations

You have a pair of horns on your head.
You reflexively headbutt those who attack you in melee.


   Skills:
 * Level 6.4 Fighting
 * Level 5.6 Axes
 + Level 2.3 Throwing
 + Level 5.0 Armour
 - Level 3.6 Shields


You had 5 spell levels left.
You didn't know any spells.
Your spell library contained the following spells:

 Spells                   Type           Power      Damage    Failure   Level
 Inner Flame              Hex/Fire       0%         N/A       100%        3
 Cause Fear               Hex            0%         N/A       100%        4
 Discord                  Hex            0%         N/A       100%        8

Inventory:

Hand Weapons
 a - a +0 war axe (weapon) {axe}
Missiles
 f - 37 stones (quivered) {throwing}
 p - 2 boomerangs {throwing}
 D - 7 poisoned darts {throwing}
Armour
 c - a +0 buckler (worn)
 e - a +0 chain mail (worn)
   (You found it on level 1 of the Dungeon)
 k - a +0 pair of boots (worn)
   (You found it on level 1 of the Dungeon)
Jewellery
 j - an amulet of guardian spirit (around neck)
   (You found it on level 1 of the Dungeon)
 t - a +6 ring of intelligence (left hand)
   (You found it on level 2 of the Dungeon)
 z - a ring of see invisible (right hand)
   (You found it on level 3 of the Dungeon)
Scrolls
 i - 2 scrolls of immolation {!r!r}
 l - 3 scrolls of fear
 m - a scroll of noise {!r}
 o - a scroll of teleportation {@r4}
 r - a scroll of enchant weapon
 s - 2 scrolls of magic mapping {!r}
 u - a scroll of summoning {unknown}
 v - a scroll of vulnerability {unknown}
 y - a scroll of blinking {unknown}
 A - a scroll of torment {unknown}
Potions
 d - a potion of might
 g - 2 potions of magic
 w - a potion of heal wounds {@q2}
 x - a potion of cancellation {unknown}
 C - a potion of brilliance {unknown}

Dungeon Overview and Level Annotations

Branches:
Dungeon (5/15) Zot: 26288
 Temple: D:4-7

Altars:
Nemelex Xobeh
Qazlal
Zin

Shops:
D:4

: #.......# #.# #. #.#####.# ###
#.# #. #.# #.# #######.######.#
#. #)#####.# #..............# #.
).......######.#####.####.######.
.....................####........
..#####.######.#.......#########.
..# ########.#s#####.##### #. ..#
#........†@# #.....# #. .##
#.######.#o# #.###.#####. ## #.#
#.#.# #..........# .# #.#
#.#.#####.##..###... .# #.#
#...............#..# .# #.#
##..###........#.#..# #######.#
##..##.##..##......... ........#
##..##...##...#.......)
#######.###..##^^_..##.....#.#..#


You could see an orc warrior and a scorpion.


Message History

You lost 1 mp, and now have 2/5 mp.
You slash the orc!
You kill the orc!
* * * LOW HITPOINT WARNING * * *
You feel extremely sick. 😱 HP[-6] MP[+1]
You take 6 damage, and now have 6/58 hp.
Unknown command.
You feel better. 😱 HP[+7]
You regained 7 hp, and now have 13/58 hp.
You start resting. 😨 HP[+4] MP[+2]
You regained 4 hp, and now have 17/58 hp.
Your mp is fully restored (5).
You start resting. 😎 HP[+41]
Your hp is fully restored (58).
You climb downwards.
The hound bites you but does no damage.
The orc wizard casts a spell.
The orc wizard flickers and vanishes for a moment.
The scorpion completely misses you. The hound barely misses you.
You furiously retaliate!
You headbutt the hound!
The orc warrior hits you with a +0 war axe.
A gnoll comes into view. It is wielding a +0 flail.
There is a stone staircase leading up, spattered with blood here. 😕 HP[-1]
You take 1 damage, and now have 57/58 hp.
The scorpion barely misses you. The hound bites you but does no damage.
The orc warrior hits you with a +0 war axe!
The scorpion barely misses you.
You climb upwards.
There is a stone staircase leading down here.
Things that are here:
a +4 spear of venom {polearm}; a +2 spear of distortion {!wpolearm} 😕 HP[-6] MP[-1]
You take 6 damage, and now have 51/58 hp.
You lost 1 mp, and now have 4/5 mp.
You closely miss the orc warrior. Your headbutt misses the orc warrior.
You hit the hound. You hit the scorpion but do no damage. The hound bites you.
The hound barely misses you. You furiously retaliate!
You headbutt the hound.
The scorpion stings you but does no damage.
The orc warrior hits you with a +0 war axe! 😮 HP[-13] MP[-1]
You take 13 damage, and now have 38/58 hp.
MASSIVE DAMAGE!! (PAUSE)
You lost 1 mp, and now have 3/5 mp.
You barely miss the orc warrior. You hit the hound.
You closely miss the scorpion. The hound bites you but does no damage.
The scorpion stings you.
You are poisoned.
The scorpion poisons you!
The orc warrior hits you with a +0 war axe.
The hound pauses to sniff the ground.
The hound closely misses you.
The scorpion stings you. 😮 HP[-5] MP[-2]
You take 5 damage, and now have 33/58 hp.
You lost 2 mp, and now have 1/5 mp.
You slash the orc warrior! You headbutt the orc warrior.
You barely miss the hound. You hit the scorpion.
You feel very sick. The hound bites you but does no damage.
The orc warrior closely misses you.
The scorpion stings you but does no damage.
The hound bites you.
* * * LOW HITPOINT WARNING * * *
The orc warrior hits you with a +0 war axe!
* * * LOW HITPOINT WARNING * * *
😨 HP[-14]
You take 14 damage, and now have 19/58 hp.
MASSIVE DAMAGE!! (PAUSE)
You slash the orc warrior! You closely miss the hound. You hit the scorpion.
You feel sick. The hound bites you but does no damage.
The scorpion stings you but does no damage.
The hound bites you.
* * * LOW HITPOINT WARNING * * *
The orc warrior hits you but does no damage.
The scorpion closely misses you. 😨 HP[-3]
You take 3 damage, and now have 16/58 hp.
You completely miss the orc warrior. Your headbutt misses the orc warrior.
You closely miss the scorpion. You hit the hound.
You kill the hound!
You feel sick.
The scorpion stings you but does no damage.
The orc warrior hits you with a +0 war axe!
* * * LOW HITPOINT WARNING * * *
😱 HP[-15] MP[-1]
You take 15 damage, and now have 1/58 hp.
MASSIVE DAMAGE!! (PAUSE)
You lost 1 mp, and now have 0/5 mp.
You feel better.
The scorpion stings you but does no damage.
The orc warrior hits you but does no damage. 😱 HP[+10]
You regained 10 hp, and now have 11/58 hp.
You barely miss the orc warrior. Your headbutt misses the orc warrior.
You hit the scorpion.
The scorpion stings you but does no damage.
The orc warrior hits you with a +0 war axe!
You die...

Skill      XL: |  1  2  3  4  5  6 |
---------------+-------------------+-----
Fighting       | 4 5 6 |  6.4
Axes           | 3 4 5 |  5.6
Armour         | 4 5 |  5.0
Throwing       | 1 2 |  2.3
Shields        | |  3.6

Action                   |  1- 3 |  4- 6 || total
-------------------------+-------+-------++-------
Melee: War axe           |    84 |   134 ||   218
       Headbutt          |     9 |    24 ||    33
  Use: Potion            |       |     3 ||     3
       Scroll            |       |    10 ||    10
Armor: Scale mail        |     6 |       ||     6
       Chain mail        |    45 |    93 ||   138
Dodge: Dodged            |    28 |    54 ||    82
Block: Buckler           |    15 |    35 ||    50

Levels and vault maps discovered:
D:1:      lemuel_arrival_behind_the_door_large, layout_rooms,
          dreamdust_ecumenical_altar_grove
D:2:      layout_basic
D:3:      layout_basic, lemuel_round_altar,
          mainiacjoe_overflow_concentric_impassable, minmay_pentomino_pile
D:4:      layout_loops_ring, nemelex_spade_bored_becter, minmay_misc_feat_x,
          nicolae_shop_vocational
D:5:      layout_gridville, serial_shops, shop, minivault_11, st_stairs_3,
          uniq_grinder, uniq_edmund

Notes
Turn   | Place    | Note
-------+----------+-------------------------------------------
     0 | D:1      | Sanktem7 the Minotaur Fighter began the quest for the Orb.
     0 | D:1      | Reached XP level 1. HP: 19/19 MP: 0/0
     0 | D:1      | magus.rc [v1.9.6]
   256 | D:1      | Found a faded altar of an unknown god.
   258 | D:1      | Reached XP level 2. HP: 25/27 MP: 1/1
   282 | D:1      | Reached skill level 4 in Fighting
   335 | D:1      | Reached skill level 3 in Axes
   488 | D:1      | Reached XP level 3. HP: 33/33 MP: 2/2
   870 | D:2      | Reached skill level 4 in Armour
  1612 | D:3      | Noticed a scorpion
  1618 | D:3      | Killed a scorpion
  1619 | D:3      | Reached skill level 5 in Fighting
  1619 | D:3      | Reached skill level 4 in Axes
  1619 | D:3      | Reached skill level 1 in Throwing
  1619 | D:3      | Reached XP level 4. HP: 39/42 MP: 3/3
  1774 | D:3      | Reached XP level 5. HP: 48/48 MP: 4/4
  1833 | D:3      | HP: 11/48 [worm (6)]
  1837 | D:3      | HP: 1/48 [worm (7)]
  2281 | D:3      | Found a stormy altar of Qazlal.
  2472 | D:3      | Found a glowing silver altar of Zin.
  2557 | D:4      | Reached XP level 6. HP: 51/57 MP: 5/5
  2796 | D:4      | Found a sparkling altar of Nemelex Xobeh.
  2864 | D:4      | Reached skill level 5 in Axes
  2875 | D:4      | Reached skill level 6 in Fighting
  2875 | D:4      | Reached skill level 2 in Throwing
  3083 | D:4      | Found Qaqosaff's Vocational Training.
  3147 | D:4      | Reached skill level 5 in Armour
  3211 | D:4      | You pick up a book of Hexes and begin reading...
  3211 | D:4      | You add the spells Inner Flame, Cause Fear and Discord to
                  | your library.
  3366 | D:4      | Identified a scroll of acquirement
  3372 | D:4      | Acquired 918 gold pieces
  3375 | D:5      | Entered Level 5 of the Dungeon
  3377 | D:5      | Noticed an orc warrior
  3391 | D:4      | HP: 13/58 [poisoned by an orc]
  3392 | D:4      | HP: 6/58 [poisoned by an orc]
  3638 | D:4      | HP: 14/58 [poisoned by a scorpion]
  3638 | D:4      | HP: 1/58 [orc warrior/+0 war axe (13)]
  3640 | D:4      | Slain by an orc warrior

Vanquished Creatures
  A phantom (D:4)
  A scorpion (D:3)
  A howler monkey (D:3)
  A gnoll bouda (D:4)
  2 hounds (D:4)
  2 iguanas
  5 adders
  3 gnolls (D:4)
  5 worms
  A dart slug (D:1)
  6 orcs (D:4)
  7 ball pythons
  6 bats
  6 endoplasms
  A giant cockroach (D:4)
  10 goblins
  8 hobgoblins
  6 jackals
  9 kobolds
  3 quokkas
  7 frilled lizards
  7 rats
98 creatures vanquished.

Vanquished Creatures (others)
  A fungus (D:1)
1 creature vanquished.

Grand Total: 99 creatures vanquished

Table legend:
 A = Non-vault XP
 B = Vault XP
 C = Vault XP percentage of total XP
 D = Non-vault monster count
 E = Vault monster count
 F = Vault count percentage of total count
                 A         B        C        D         E       F
            +---------+---------+-------+---------+---------+-------
      Total |     611 |     108 |  15.0 |      89 |       9 |   9.2
            +---------+---------+-------+---------+---------+-------
        D:1 |      45 |       0 |   0.0 |      28 |       0 |   0.0
        D:2 |      42 |       0 |   0.0 |      14 |       0 |   0.0
        D:3 |     195 |      63 |  24.4 |      19 |       8 |  29.6
        D:4 |     316 |      45 |  12.5 |      27 |       1 |   3.6
        D:5 |      13 |       0 |   0.0 |       1 |       0 |   0.0
            +---------+---------+-------+---------+---------+-------

Illustrated notes

Table legend:
 A = Kills in this place as a percentage of kills in entire the game.
 B = Kills by you in this place as a percentage of kills by you in the entire game.
 C = Kills by friends in this place as a percentage of kills by friends in the entire game.
 D = Other kills in this place as a percentage of other kills in the entire game.
 E = Experience gained in this place as a percentage of experience gained in the entire game.
 F = Experience gained in this place divided by the number of levels of this place that you have seen.
                   A       B       C       D       E      F
               +-------+-------+-------+-------+-------+----------------------
         Total | 100.0 | 100.0 |   N/A |   N/A | 100.0 | 143.8
       Dungeon | 100.0 | 100.0 |   N/A |   N/A | 100.0 | 143.8
               +-------+-------+-------+-------+-------+----------------------

Table legend: (Time is in decaauts)
 A = Elapsed time spent in this place.
 B = Non-inter-level travel time spent in this place.
 C = Inter-level travel time spent in this place.
 D = Time resting spent in this place.
 E = Time spent auto-exploring this place.
 F = Levels seen in this place.
 G = Mean time per level.
                   A        B        C        D        E       F      G
               +--------+--------+--------+--------+--------+-----+--------+
         Total |   3710 |   3651 |     59 |    236 |   2790 |   5 |  742.0 |
       Dungeon |   3710 |   3651 |     59 |    236 |   2790 |   5 |  742.0 |
               +--------+--------+--------+--------+--------+-----+--------+

Top non-repeatable levels by time:
     D:4: 1104 daAuts
     D:3: 1025 daAuts
     D:1: 819 daAuts
     D:2: 745 daAuts
     D:5: 16 daAuts
